AoeStats
← konrad374

Arena

509181589Analyzed
1v1 RM · 6d ago on Sep 25, 2026· 55m 58s· 2 players
Game mode
Random Map
Map size
Tiny (2 player)
Population
200
Speed
Normal
Resources
Standard
Victory
Conquest
Starting age
Dark Age
Ending age
Imperial Age
RankedLock teamsTeams togetherTeam positionsShared explorationLock speedFull tech treeHidden civsTurbo modeCheats
Victory
Defeat
🇵🇱 Chinese · Poland
456
+17
🇨🇴 Spanish · Colombia
477
-17
konrad374
0:28 Loom
12:10 Feudal Age
12:43 Horse Collar
12:52 Double-Bit Axe
13:45 Wheelbarrow
20:00 Castle Age
18:34 Stone Mining
19:50 Padded Archer Armor
19:40 Fletching
20:51 Thumb Ring
23:16 Hand Cart
23:37 Bow Saw
23:17 Crossbowman
24:01 Bodkin Arrow
26:33 Scale Mail Armor
26:45 Forging
27:16 Heavy Plow
28:10 Squires
32:12 Pikeman
35:20 Hand Cart
35:49 Town Watch
39:02 Town Patrol
38:58 Gold Mining
43:45 Imperial Age
42:00 Gold Shaft Mining
42:00 Stone Shaft Mining
43:22 Leather Archer Armor
43:23 Chain Mail Armor
43:55 Heavy Rocket Cart
45:21 Ring Archer Armor
44:51 Bracer
46:52 Plate Mail Armor
47:49 Arbalester
49:05 Iron Casting
48:21 Halberdier
50:25 Murder Holes
51:31 Chemistry
54:43 Two-Man Saw
Tito18699
11:45 Feudal Age
14:26 Double-Bit Axe
15:01 Horse Collar
18:23 Castle Age
34:24 Wheelbarrow
34:58 Loom
34:59 Town Watch
38:37 Town Patrol
46:52 Imperial Age
50:21 Hand Cart
50:19 Bow Saw
50:11 Heavy Plow
50:02 Gold Mining
50:03 Stone Mining
50:15 Scale Mail Armor
50:15 Padded Archer Armor
50:06 Fletching
50:27 Forging
50:23 Scale Barding Armor
51:42 Husbandry
51:03 Cavalier
54:47 Redemption
54:37 Atonement
54:48 Fervor
54:59 Sanctity
54:40 Devotion
55:05 Illumination
54:56 Block Printing
Connection lost

Rejoining the realm…

Still unreachable

The connection could not be restored.

Session expired

The server has moved on; the page needs a fresh start.